 Dungeon Crawl Stone Soup version 0.18-a0-182-g0a057fd (webtiles) character file.

957 Dreemurr the Spear-Bearer (level 8, 9/63 HPs)
             Began as a Merfolk Berserker on Nov 23, 2015.
             Was a Priest of Trog.
             Quit the game on level 5 of the Dungeon.
             The game lasted 00:06:55 (3940 turns).

Dreemurr the Spear-Bearer (Merfolk Berserker)       Turns: 3940, Time: 00:06:56

Health: 9/63       AC: 10    Str: 20    XL:     8   Next: 14%
Magic:  8/8        EV: 12    Int:  6    God:    Trog [***...]
Gold:   50         SH:  0    Dex: 13    Spells: 0 memorised, 7 levels left

rFire  . . .     SeeInvis .     D - +0 trident
rCold  . . .     Clarity  .     I - +3 scale mail
rNeg   . . .     SustAt   .     (no shield)
rPois  .         Gourm    .     p - +0 helmet
rElec  .         Spirit   .     (no cloak)
rCorr  .         Warding  .     (no gloves)
rMut   .         Stasis   .     (no boots)
MR     ++...                    (no amulet)
Stlth  ..........               (no ring)
                                (no ring)

@: mildly poisoned (9 -> 6), exhausted, regenerating, slowed, very slow, very
resistant to hostile enchantments, extremely unstealthy
A: change form in water, swift swim
a: Berserk, Trog's Hand, Burn Spellbooks, Renounce Religion


You were on level 5 of the Dungeon.
You worshipped Trog.
Trog was most pleased with you.
You were very hungry.

You visited 1 branch of the dungeon, and saw 5 of its levels.

You collected 195 gold pieces.
You spent 145 gold pieces at shops.

Inventory:

Hand Weapons
 a - a +0 spear
 D - a +0 trident (weapon)
   (You took it off an orc priest on level 4 of the Dungeon)
Missiles
 G - 2 throwing nets {=f, !d}
Armour
 b - a +0 animal skin
 l - a +0 ring mail
   (You found it on level 1 of the Dungeon)
 p - a +0 helmet (worn)
   (You found it on level 2 of the Dungeon)
 I - a +3 scale mail (worn)
   (You took it off a gnoll sergeant on level 4 of the Dungeon)
Jewellery
 d - a cursed -3 ring of strength {unknown}
   (You found it on level 1 of the Dungeon)
 g - an uncursed ring of protection from magic {unknown}
   (You found it on level 1 of the Dungeon)
 y - an uncursed ring of see invisible {unknown}
   (You found it on level 3 of the Dungeon)
 A - an uncursed ring of sustain attributes {unknown}
   (You found it on level 3 of the Dungeon)
Wands
 E - a wand of fire (4)
   (You found it on level 4 of the Dungeon)
Scrolls
 i - 2 scrolls of magic mapping {!r}
 j - 2 scrolls of random uselessness
 k - 3 scrolls of remove curse
 m - a scroll of recharging {unknown}
 n - 2 scrolls of amnesia {unknown}
 s - 2 scrolls of fear {unknown}
 v - a scroll of noise {unknown}
 w - 3 scrolls of fog
 z - 2 scrolls of enchant armour {unknown}
 B - 3 scrolls of identify
Potions
 e - 5 potions of agility {unknown}
 o - a potion of mutation {unknown}
 q - 3 potions of curing {unknown}
 r - 2 potions of heal wounds {unknown}
 t - 2 potions of brilliance {unknown}
 C - a potion of degeneration {unknown}
Comestibles
 c - 4 bread rations
 h - a royal jelly
 u - 2 slices of pizza
 x - 2 fruits
 F - 2 meat rations


   Skills:
 + Level 5.5 Fighting
 * Level 9.4 Polearms
 + Level 3.1 Armour
 + Level 5.9 Dodging


You had 7 spell levels left.
You didn't know any spells.

Dungeon Overview and Level Annotations

Branches:
Dungeon (5/15)             Temple (0/1) D:5

Altars:
Nemelex Xobeh
Okawaru
Qazlal
Ru
Xom

Shops:
D:4 *

Annotations:
D:5 Prince Ribbit, Sigmund


Message History

Something barely misses you.
There isn't anything here!
Unknown command.
Attack whom?
Press: ? - help, Dir - move target cursor The orc is in the way.
You puncture the orc!
You kill the orc!
Trog accepts your kill.
Attack whom?
Press: ? - help, Dir - move target cursor, f - Prince Ribbit
Aim: Prince Ribbit The adder is in the way.
You hit the adder.
The adder is heavily wounded.
The adder bites you but does no damage.
Attack whom?
Press: ? - help, Dir - move target cursor, f/p - Prince Ribbit
Aim: Prince Ribbit The adder is in the way.
You closely miss the adder.
The adder is heavily wounded.
The adder bites you but does no damage. Something hits you but does no damage.
You are poisoned.
Attack whom?
Press: ? - help, Dir - move target cursor, f/p - Prince Ribbit
Aim: Prince Ribbit You reach to attack!
You puncture Prince Ribbit!
Prince Ribbit is moderately wounded.
You feel sick. The adder bites you but does no damage.
Attack whom?
Press: ? - help, Dir - move target cursor, f/p - Prince Ribbit
Aim: Prince Ribbit (moderately wounded)
The adder is in the way.
You miss the adder.
The adder is heavily wounded.
You feel sick. The adder misses you. Something hits you but does no damage.
You are more poisoned.
Attack whom?
Press: ? - help, Dir - move target cursor, f/p - Prince Ribbit
Aim: Prince Ribbit (moderately wounded)
The adder is in the way.
You puncture the adder!
You kill the adder!
Trog accepts your kill.
You are feeling hungry.
You feel sick.
Prince Ribbit momentarily phases out as your attack passes through him.
Prince Ribbit is moderately wounded.
You feel sick. Prince Ribbit hits you. Prince Ribbit hits you.
You puncture Prince Ribbit!
Prince Ribbit is heavily wounded.
You feel sick. Something barely misses you.
Prince Ribbit hops awkwardly around.
Prince Ribbit blinks!
Attack whom?
Press: ? - help, Dir - move target cursor You reach to attack!
You puncture something!
You feel sick.
Attack whom?
Press: ? - help, Dir - move target cursor You reach to attack!
You hit something.
You feel sick. Something hits you but does no damage.
You are more poisoned.
Attack whom?
Press: ? - help, Dir - move target cursor You reach to attack!
You puncture something!
You feel sick.
Attack whom?
Press: ? - help, Dir - move target cursor You reach to attack!
You attack empty space.
You are no longer berserk.
You are exhausted.
You feel yourself slow down.
You are feeling very hungry.
You feel sick. Something hits you but does no damage.
You are more poisoned.
Read which item? (? for menu, Esc to quit)
As you read the scroll labeled KONUJE OSOTY, it crumbles to dust.
The scroll dissolves into smoke.
It was a scroll of fog.
You feel very sick.
Read which item? (? for menu, Esc to quit)
As you read the scroll labeled XIRUKA MAEDACK, it crumbles to dust.
You smell baking bread.
It was a scroll of random uselessness.
You feel very sick. Prince Ribbit hits you. Something hits you!
You are more poisoned.
Prince Ribbit misses you.
Read which item? (? for menu, Esc to quit)
As you read the scroll labeled JIHAB EVYKOI, it crumbles to dust.
It is a scroll of identify.
Identify which item? (\ to view known items) (? for menu, Esc to quit)
k - 3 scrolls of remove curse You feel very sick.
Prince Ribbit hits you! Something hits you. Prince Ribbit closely misses you.
Read which item? (? for menu, Esc to quit)
Okay, then.
Read which item? (? for menu, Esc to quit)
Identify which item? (\ to view known items) (? for menu, Esc to quit)
As you read the scroll of identify, it crumbles to dust.
i - 2 scrolls of magic mapping You feel very sick.
Prince Ribbit hits you!
* * * LOW HITPOINT WARNING * * *
Prince Ribbit hits you.
* * * LOW HITPOINT WARNING * * *
Something barely misses you.
Are you sure you want to abandon this character and quit the game? (Confirm with "yes".)

##......####
##.....#
##....#
#....#
###..# #..#
#§§# #§## .
#@#
..[.###F#
......{§#
........#
.....###.
....# ..
#### #.. ...
.o..


You could see Prince Ribbit.

Vanquished Creatures
  Eustachio (D:4)
  A phantom (D:5)
  An ogre (D:4)
  A gnoll sergeant (D:4)
  A water moccasin skeleton (D:4)
  A centaur zombie (D:5)
  A hound (D:4)
  2 orc priests (D:4)
  3 iguanas (D:4)
  4 orc wizards (D:4)
  2 worker ants (D:4)
  6 gnolls (D:4)
  4 adders
  2 worms
  2 adder skeletons (D:4)
  3 giant geckos
  9 orcs
  4 bats
  4 giant cockroaches
  8 goblins
  7 hobgoblins
  7 jackals
  2 quokkas (D:4)
  4 ball pythons
  5 giant newts
  5 kobolds
  A quokka skeleton (D:4)
  8 rats
99 creatures vanquished.

Notes
Turn   | Place    | Note
--------------------------------------------------------------
     0 | D:1      | Dreemurr the Merfolk Berserker began the quest for the Orb.
     0 | D:1      | Reached XP level 1. HP: 18/18 MP: 1/1
    55 | D:1      | HP: 5/27 [giant gecko (2)]
   312 | D:1      | Reached XP level 2. HP: 22/24 MP: 2/2
   780 | D:2      | Reached skill level 3 in Dodging
   870 | D:2      | Reached skill level 5 in Polearms
   870 | D:2      | Reached XP level 3. HP: 25/30 MP: 3/3
   962 | D:2      | Found a stormy altar of Qazlal.
  1051 | D:2      | Reached ** piety under Trog
  1104 | D:2      | Found a shimmering altar of Xom.
  1171 | D:3      | Found an iron altar of Okawaru.
  1516 | D:3      | Reached skill level 4 in Fighting
  1516 | D:3      | Reached XP level 4. HP: 37/37 MP: 4/4
  1822 | D:4      | Found Curos's Assorted Antiques.
  1830 | D:4      | Bought a scroll labeled MIPION RUGOHEI for 22 gold pieces
  1830 | D:4      | Bought a scroll labeled AKUXUW UWUA for 22 gold pieces
  1830 | D:4      | Bought a lumpy dark potion for 19 gold pieces
  1830 | D:4      | Bought a black potion for 19 gold pieces
  1830 | D:4      | Bought a scroll labeled JIHAB EVYKOI for 22 gold pieces
  1830 | D:4      | Bought a scroll labeled JIHAB EVYKOI for 22 gold pieces
  1830 | D:4      | Bought a cyan potion for 19 gold pieces
  1835 | D:4      | Noticed an ogre
  1843 | D:4      | Killed an ogre
  1843 | D:4      | Reached skill level 6 in Polearms
  1843 | D:4      | Reached skill level 2 in Armour
  1843 | D:4      | Reached skill level 4 in Dodging
  1843 | D:4      | Reached XP level 5. HP: 42/42 MP: 5/5
  1898 | D:4      | Found a sparkling altar of Nemelex Xobeh.
  2082 | D:4      | Reached XP level 6. HP: 49/49 MP: 6/6
  2168 | D:4      | Reached skill level 7 in Polearms
  2171 | D:4      | Reached *** piety under Trog
  2475 | D:4      | Found a sacrificial altar of Ru.
  2497 | D:4      | Reached XP level 7. HP: 47/55 MP: 7/7
  2571 | D:4      | Reached skill level 5 in Fighting
  2612 | D:4      | Reached skill level 5 in Dodging
  2818 | D:4      | Reached skill level 8 in Polearms
  3304 | D:5      | Entered Level 5 of the Dungeon
  3304 | D:5      | Noticed Eustachio
  3559 | D:4      | Killed Eustachio
  3559 | D:4      | Reached skill level 3 in Armour
  3617 | D:5      | Noticed Sigmund
  3638 | D:4      | Reached skill level 9 in Polearms
  3766 | D:5      | Reached XP level 8. HP: 46/63 MP: 8/8
  3873 | D:5      | Found a staircase to the Ecumenical Temple.
  3913 | D:5      | Noticed Prince Ribbit
  3939 | D:5      | HP: 13/63 [Prince Ribbit (10)]
  3940 | D:5      | Quit the game

Vault maps used:
D:1:      saegor_arrival_simple_c
D:2:      xom_teletrap_fun, first_bread, grunt_qazlal_clouds
D:3:      okawaru_ov_weapons_minmay, kennysheep_generic_room_2
D:4:      nicolae_ru_great_annihilating_truth,
          nemelex_xobeh_ov_fountains_minmay, serial_forest,
          infiniplex_forest_end_2, infiniplex_forest_lined_2,
          infiniplex_forest_lined_corner, infiniplex_forest_end_1,
          infiniplex_forest_lined_2, infiniplex_forest_fountain,
          infiniplex_forest_end_2, infiniplex_forest_clump_large,
          infiniplex_forest_straight_2, serial_shops, shop,
          minmay_misc_feat_ornament, minmay_cupped
D:5:      minmay_temple_entry_fiery, nicolae_dithmenos_shadow_blocks,
          uniq_prince_ribbit1, uniq_pikel, uniq_sigmund, uniq_eustachio

Action                   |  1- 3 |  4- 6 |  7- 9 || total
-------------------------+-------+-------+-------++-------
Melee: Spear             |   136 |   119 |       ||   255
       Trident           |       |    28 |   160 ||   188
Invok: Berserk           |     1 |     5 |     4 ||    10
       Trog's Hand       |       |     1 |     1 ||     2
  Use: Scroll            |       |       |     4 ||     4
 Stab: Sleeping          |     2 |       |       ||     2
  Eat: Chunk             |     3 |     8 |     6 ||    17
       Beef jerky        |       |       |     1 ||     1
       Fruit             |       |       |     1 ||     1

Vault maps used:
D:1:      saegor_arrival_simple_c
D:2:      xom_teletrap_fun, first_bread, grunt_qazlal_clouds
D:3:      okawaru_ov_weapons_minmay, kennysheep_generic_room_2
D:4:      nicolae_ru_great_annihilating_truth,
          nemelex_xobeh_ov_fountains_minmay, serial_forest,
          infiniplex_forest_end_2, infiniplex_forest_lined_2,
          infiniplex_forest_lined_corner, infiniplex_forest_end_1,
          infiniplex_forest_lined_2, infiniplex_forest_fountain,
          infiniplex_forest_end_2, infiniplex_forest_clump_large,
          infiniplex_forest_straight_2, serial_shops, shop,
          minmay_misc_feat_ornament, minmay_cupped
D:5:      minmay_temple_entry_fiery, nicolae_dithmenos_shadow_blocks,
          uniq_prince_ribbit1, uniq_pikel, uniq_sigmund, uniq_eustachio

Table legend:
 A = Turns spent in this place as a percentage of turns spent in the entire game.
 B = Non-inter-level travel turns spent in this place as a percentage of non-inter-level travel turns spent in the entire game.
 C = Inter-level travel turns spent in this place as a percentage of turns spent in this place.
 D = Turns resting spent in this place as a percentage of non-inter-level travel turns spent in this place.
 E = Turns spent auto-exploring this place as a percentage of non-inter-level travel turns spent in this place.
 F = Non-inter-level travel turns spent in this place divided by the number of levels of this place that you've seen.
                   A       B       C       D       E      F
               +-------+-------+-------+-------+-------+----------------------
         Total | 100.0 | 100.0 |   0.5 |   5.4 |   9.3 | 261.6
       Dungeon | 100.0 | 100.0 |   0.5 |   5.4 |   9.3 | 261.6
               +-------+-------+-------+-------+-------+----------------------

Table legend:
 A = Kills in this place as a percentage of kills in entire the game.
 B = Kills by you in this place as a percentage of kills by you in the entire game.
 C = Kills by friends in this place as a percentage of kills by friends in the entire game.
 D = Other kills in this place as a percentage of other kills in the entire game.
 E = Experience gained in this place as a percentage of experience gained in the entire game.
 F = Experience gained in this place divided by the number of levels of this place that you have seen.
                   A       B       C       D       E      F
               +-------+-------+-------+-------+-------+----------------------
         Total | 100.0 | 100.0 |  -nan |  -nan | 100.0 | 273.6
       Dungeon | 100.0 | 100.0 |  -nan |  -nan | 100.0 | 273.6
               +-------+-------+-------+-------+-------+----------------------
